 Dungeon Crawl Stone Soup version 0.17-a0-1210-g1e4f09d (webtiles) character file.

121 kidanger the Shooter (level 4, 0/35 HPs)
             Began as a Centaur Arcane Marksman on June 4, 2015.
             Was a Priest of Ru.
             Slain by a scorpion (7 damage)
             ... on level 4 of the Dungeon.
             The game lasted 00:12:27 (3146 turns).

kidanger the Shooter (Centaur Arcane Marksman)      Turns: 3146, Time: 00:12:28

Health: 0/35       AC:  5    Str: 13    XL:     4   Next: 77%
Magic:  5/5        EV: 10    Int: 13    God:    Ru [***...]
Gold:   177        SH:  0    Dex:  9    Spells: 2 memorised, 2 levels left

rFire  . . .     SeeInvis .     v - +1 dagger (speed)
rCold  . . .     Clarity  .     a - +0 robe
rNeg   . . .     SustAt   .     (shield unavailable)
rPois  .         Gourm    .     (no helmet)
rElec  .         Spirit   .     (no cloak)
rCorr  .         Warding  .     m - +0 pair of gloves
rMut   .         Stasis   .     (no barding)
MR     +....                    (no amulet)
Stlth  +.........               g - ring of protection from magic
                                (ring unavailable)

@: lethally poisoned (0 -> -17), very quick, somewhat resistant to hostile
enchantments, very unstealthy
A: hooves 3, deformed body, speed 2, tough skin 3, missing a hand
a: Draw Out Power, Renounce Religion


You were on level 4 of the Dungeon.
You worshipped Ru.
Ru was most pleased with you.
You were not hungry.

You visited 1 branch of the dungeon, and saw 4 of its levels.

You collected 177 gold pieces.

Inventory:

Hand weapons
 b - a +1 shortbow
 v - a +1 dagger of speed (weapon)
Missiles
 y - 17 arrows
Armour
 a - a +0 robe (worn)
 m - a +0 pair of gloves (worn)
Jewellery
 g - a ring of protection from magic (right hand)
 o - an uncursed amulet of regeneration
Scrolls
 e - a scroll of noise {unknown}
 t - a scroll of identify
 A - a scroll of teleportation
Books
 d - a book of Debilitation

   Spells                             Type                      Level
   a - Corona                         Hexes                        1
   b - Slow                           Hexes                        2
   c - Gell's Gravitas                Hexes/Translocation          3
   d - Inner Flame                    Hexes/Fire                   3
   e - Cause Fear                     Hexes                        4
   f - Leda's Liquefaction            Hexes/Earth                  4
Comestibles
 j - 6 fruits
 k - 2 beef jerkies
 r - a meat ration
 s - 2 bread rations


   Skills:
 - Level 1.1 Fighting
 + Level 0.6 Short Blades
 - Level 5.2 Bows
 - Level 1.8 Dodging
 - Level 0.1 Stealth
 - Level 1.2 Spellcasting
 - Level 3.2 Hexes


You had 2 spell levels left.
You knew the following spells:

 Your Spells              Type           Power        Failure   Level  Hunger
a - Corona                Hex            #......      10%         1    ##.....
b - Slow                  Hex            #.......     12%         2    ###....


Dungeon Overview and Level Annotations

Branches:
Dungeon (4/15)
 Temple: D:4-7

Altars:
Ru

Annotations:
D:4 Grinder


Innate Abilities, Weirdness & Mutations

You have hooves in place of feet.
Armour fits poorly on your strangely shaped body.
You cover ground very quickly.
You have extremely tough skin (AC +3).
You are missing a hand.


Message History

You hit the scorpion but do no damage. Your kick misses the scorpion.
The scorpion is moderately wounded.
You feel sick. The scorpion stings you.
You are lethally poisoned!
The scorpion poisons you! The scorpion stings you.
* * * LOW HITPOINT WARNING * * *
You are too injured to fight recklessly!
You are too injured to fight recklessly!
* * * LOW HITPOINT WARNING * * *
You feel sick.
You are too injured to fight recklessly!
You are too injured to fight recklessly!
You are too injured to fight recklessly!
You are too injured to fight recklessly!
You are too injured to fight recklessly!
* * * LOW HITPOINT WARNING * * *
You feel sick.
* * * LOW HITPOINT WARNING * * *
You feel sick. The scorpion stings you!
You die...

############ #
#....##....# ..
#....##....##..
#.......>.....
#..........#
#......†...#
#....##....#
#....###@###
#..<.#
#s###..##
#....#
#sg.a...#
#....#
#.##.....
#....# #.# ....
##.... #.# ...
#.....+.. ##
#.....#.#
#######.#


You could see 2 scorpions and a goblin.

Vanquished Creatures
  2 adders
  2 oozes (D:1)
  3 worms
  2 giant geckos (D:1)
  12 orcs (D:3)
  2 giant cockroaches
  10 goblins
  8 hobgoblins
  3 ball pythons
  6 bats
  3 giant newts
  6 jackals
  6 kobolds
  2 rats
67 creatures vanquished.

Notes
Turn   | Place    | Note
--------------------------------------------------------------
     0 | D:1      | kidanger the Centaur Arcane Marksman began the quest for the Orb.
     0 | D:1      | Reached XP level 1. HP: 16/16 MP: 2/2
   166 | D:1      | Reached skill level 3 in Bows
   358 | D:1      | Reached XP level 2. HP: 23/23 MP: 3/3
   405 | D:1      | Learned a level 2 spell: Slow
   722 | D:1      | Reached XP level 3. HP: 28/28 MP: 1/4
   947 | D:2      | Found a sacrificial altar of Ru.
   956 | D:2      | Became a worshipper of Ru the Awakened
  1338 | D:2      | Reached skill level 4 in Bows
  1989 | D:3      | Reached XP level 4. HP: 23/35 MP: 5/5
  2302 | D:3      | Gained mutation: You are missing a hand. [Ru sacrifice]
  2302 | D:3      | Acquired Ru's first power
  2302 | D:3      | Acquired Ru's second power
  2302 | D:3      | Acquired Ru's third power
  2337 | D:3      | Reached skill level 5 in Bows
  3134 | D:4      | Noticed Grinder
  3146 | D:4      | Slain by a scorpion

Vault maps used:
D:1:      matt_arrival_diagonals
D:2:      nicolae_ru_sacrificial_ziggurat, first_bread,
          kennysheep_generic_room_14
D:4:      corexii_shantytown, grunt_temple_overflow_opulence,
          grunt_temple_overflow_order_and_chaos_2,
          gammafunk_temple_overflow_wave, uniq_grinder

Action                   |  1- 3 |  4- 6 || total
-------------------------+-------+-------++-------
Melee: Dagger            |       |   136 ||   136
       Shortbow          |       |     1 ||     1
 Fire: Shortbow          |   132 |    33 ||   165
 Cast: Corona            |     2 |     2 ||     4
       Slow              |     3 |       ||     3
Invok: Sacrifice a Hand  |       |     1 ||     1
  Use: Scroll            |     1 |     8 ||     9
       Potion            |     1 |     6 ||     7
  Eat: Bread ration      |     1 |     1 ||     2
